 Dungeon Crawl Stone Soup version 0.20.0-8-g6b59dc7 (webtiles) character file.

1465 Hasart the Poker (level 8, -3/55 HPs)
             Began as an Octopode Fighter on May 30, 2017.
             Was an Initiate of Gozag.
             Slain by a killer bee (10 damage)
             ... on level 6 of the Dungeon.
             The game lasted 00:11:10 (5609 turns).

Hasart the Poker (Octopode Fighter)                 Turns: 5609, Time: 00:11:11

Health: -3/55      AC:  2    Str: 13    XL:     8   Next: 77%
Magic:  11/11      EV: 20    Int: 10    God:    Gozag
Gold:   173        SH: 11    Dex: 22    Spells: 7/7 levels left

rFire    + . .     SeeInvis .   a - +0 trident
rCold    + . .     Gourm    .   b - +1 shield
rNeg     . . .     Faith    .   y - +1 hat {MR+}
rPois    .         Spirit   .   (no amulet)
rElec    .         Reflect  .   w - ring "Qeiw" {rF+ rC+ Str-3 Dex+4}
rCorr    .         Harm     .   (no ring)
MR       +....                  (no ring)
Stlth    ++++......             (no ring)
Regen    0.2/turn               (no ring)
MPRegen  0.2/turn               (no ring)
                                (no ring)
                                (no ring)

@: agile, lethally poisoned (-3 -> -4), gold aura, very slightly contaminated,
invisible
A: almost no armour, stealthy swim, amphibious, 8 rings, constrict 8, camouflage
1, gelatinous body 1
a: Potion Petition, Call Merchant, Bribe Branch, Renounce Religion


You were on level 6 of the Dungeon.
You worshipped Gozag.
Gozag was aware of your devotion.
You were not hungry.

You visited 2 branches of the dungeon, and saw 7 of its levels.

You collected 424 gold pieces.
You spent 182 gold pieces at shops.
You paid 69 gold pieces to Gozag.

Inventory:

Hand Weapons
 a - a +0 trident (weapon)
Armour
 b - a +1 shield (worn)
 u - a +2 hat of intelligence
 y - a +1 hat of magic resistance (worn)
Jewellery
 w - the ring "Qeiw" (left tentacle) {rF+ rC+ Str-3 Dex+4}
   (You found it on level 5 of the Dungeon)

   [ring of protection from fire]

   It affects your strength (-3).
   It affects your dexterity (+4).
   It protects you from fire.
   It protects you from cold.
Wands
 f - a wand of lightning (2/15)
 q - a wand of digging (15/24)
Scrolls
 g - 2 scrolls of remove curse
 k - 2 scrolls of fog {unknown}
 n - 3 scrolls of teleportation {unknown}
 r - a scroll of immolation {unknown}
 s - 2 scrolls of identify
 t - 2 scrolls of recharging {unknown}
 x - 4 scrolls of enchant armour
Potions
 c - a potion of might
 e - a potion of invisibility {unknown}
 h - a potion of berserk rage {unknown}
 i - 2 potions of resistance {unknown}
 j - a potion of agility {unknown}
 l - a potion of degeneration {unknown}
 m - 2 potions of curing {unknown}
 o - 2 potions of mutation {unknown}
Comestibles
 d - 6 bread rations
 p - 3 meat rations


   Skills:
 + Level 5.0 Fighting
 * Level 6.2 Polearms
 + Level 5.2 Dodging
 + Level 5.0 Shields
 * Level 5.2 Evocations


You had 7 spell levels left.
You didn't know any spells.

Dungeon Overview and Level Annotations

Branches:
Dungeon (6/15)             Temple (1/1) D:5

Altars:
Ashenzari
Cheibriados
Dithmenos
Elyvilon
Fedhas
Gozag
Hepliaklqana
Kikubaaqudgha
Makhleb
Nemelex Xobeh
Okawaru
Qazlal
Ru
Sif Muna
Trog
Uskayaw
Vehumet
Xom
Yredelemnul
Zin
The Shining One

Shops:
D:5 [


Innate Abilities, Weirdness & Mutations

You cannot wear most types of armour.
You are very stealthy in the water. (Stealth+)
You are amphibious.
You can wear up to eight rings at the same time.
You can use your tentacles to constrict eight enemies at once.
Your skin changes colour to match your surroundings (Stealth+).
Your rubbery body absorbs attacks. (AC +1, EV +1)


Message History

You constrict the killer bee.
You feel sick. You block the killer bee's attack. The killer bee misses you.
Unknown command.
You hit the killer bee but do no damage.
The killer bee is lightly wounded.
You constrict the killer bee. You block the killer bee's attack.
The killer bee closely misses you.
Unknown command.
You catch the helpless killer bee completely off-guard!
You hit the killer bee. You squeeze the killer bee!
You kill the killer bee!
Your Fighting skill increases to level 5!
The killer bee stings you.
* * * LOW HITPOINT WARNING * * *
Unknown command.
You hit the killer bee but do no damage.
Your grab misses the killer bee.
You feel sick. The killer bee completely misses you. The killer bee stings you!
You die...
Your body crumbles into a pile of gold.

##.....###......#.#
##.......#####..##.#
#.........####...#.##.
+.........+...........
#.........####...#)###
##.......## ##.##.#
##.....## ####.#
##...## #.# ##@##
##.## #####y# #...#
.......a.# #..##
..y......#### #.##
..y.........### #.#
.........##...# #.#
.a.......##.#.# #.#
.........##.#.#####.#
....................#


You could see a worker ant and a killer bee.

Vanquished Creatures
  Duvessa (D:6)
  An ice beast (D:6)
  2 phantoms
  A wyvern zombie (D:6)
  Dowan (D:6)
  4 killer bees (D:6)
  A crimson imp (D:5)
  3 hounds
  A jelly (D:6)
  4 orc wizards
  A gnoll shaman (D:5)
  An orc priest (D:3)
  A bullfrog skeleton (D:4)
  Crazy Yiuf (D:3)
  2 iguanas (D:5)
  Jessica (D:3)
  4 worker ants
  3 gnolls (D:5)
  9 adders
  An ooze (D:5)
  3 adder skeletons
  4 worms
  4 dart slugs
  3 leopard geckos
  20 orcs
  15 bats
  5 giant cockroaches
  7 goblins
  10 hobgoblins
  A quokka (D:5)
  A ball python (D:3)
  5 frilled lizards
  6 kobolds
  7 rats
134 creatures vanquished.

Notes
Turn   | Place    | Note
-------+----------+-------------------------------------------
     0 | D:1      | Hasart the Octopode Fighter began the quest for the Orb.
     0 | D:1      | Reached XP level 1. HP: 16/16 MP: 1/1
    27 | D:1      | Reached XP level 2. HP: 8/21 MP: 2/2
   307 | D:1      | Reached XP level 3. HP: 26/26 MP: 3/3
   763 | D:2      | Found a bloodstained altar of Trog.
   771 | D:2      | Reached skill level 3 in Polearms
  1100 | D:2      | Reached XP level 4. HP: 28/31 MP: 4/4
  1812 | D:3      | Noticed Jessica
  1819 | D:3      | Killed Jessica
  1819 | D:3      | Reached XP level 5. HP: 31/37 MP: 5/5
  1942 | D:3      | Reached skill level 1 in Evocations
  2143 | D:3      | Reached XP level 6. HP: 35/43 MP: 5/7
  2198 | D:3      | Found a runed door.
  2202 | D:3      | Noticed Crazy Yiuf
  2209 | D:3      | Killed Crazy Yiuf
  2209 | D:3      | Reached skill level 4 in Polearms
  2604 | D:4      | Noticed a phantom
  2851 | D:4      | Killed a phantom
  2851 | D:4      | Reached XP level 7. HP: 23/48 MP: 7/9
  3339 | D:5      | Entered Level 5 of the Dungeon
  3698 | D:5      | Reached skill level 5 in Polearms
  4333 | D:5      | Found a staircase to the Ecumenical Temple.
  4346 | Temple   | Entered the Ecumenical Temple
  4385 | Temple   | Became a worshipper of Gozag Ym Sagoz the Greedy
  4536 | D:5      | Reached XP level 8. HP: 54/54 MP: 11/11
  4544 | D:5      | Got a transparent granite ring
  4545 | D:5      | Identified the ring "Qeiw" {rF+ rC+ Str-3 Dex+4} (You found it on level 5 of the Dungeon)
  4642 | D:5      | Found Pebb's Antique Armour Shoppe.
  4647 | D:5      | Bought an embroidered hat for 182 gold pieces
  5056 | D:6      | Noticed Dowan
  5057 | D:6      | Noticed Duvessa
  5062 | D:6      | Killed Dowan
  5067 | D:6      | Killed Duvessa
  5336 | D:6      | Reached skill level 5 in Dodging
  5477 | D:6      | Reached skill level 5 in Evocations
  5595 | D:6      | Reached skill level 6 in Polearms
  5598 | D:6      | Reached skill level 5 in Shields
  5608 | D:6      | Reached skill level 5 in Fighting
  5609 | D:6      | Slain by a killer bee

Skill      XL: |  1  2  3  4  5  6  7  8 |
---------------+-------------------------+-----
Polearms       | 3 4 5 6 |  6.2
Dodging        | 4 5 |  5.2
Evocations     | 1 2 4 5 |  5.2
Fighting       | 4 5 |  5.0
Shields        | 4 5 |  5.0

Action                   |  1- 3 |  4- 6 |  7- 9 || total
-------------------------+-------+-------+-------++-------
Melee: Trident           |    77 |   119 |   170 ||   366
       Constrict         |    18 |    28 |    32 ||    78
       Tentacles         |     8 |    18 |    39 ||    65
Invok: Potion Petition   |       |       |     1 ||     1
  Use: Scroll            |       |     2 |     1 ||     3
       Potion            |       |       |     1 ||     1
 Stab: Sleeping          |     6 |     3 |    13 ||    22
       Distracted        |       |       |     1 ||     1
       Invisible         |       |       |     1 ||     1
  Eat: Chunk             |       |     6 |     5 ||    11
       Meat ration       |       |       |     1 ||     1
       Royal jelly       |       |       |     1 ||     1
       Fruit             |       |       |     1 ||     1
Armor: Skin              |     3 |     2 |     9 ||    14
Dodge: Dodged            |    16 |    47 |    77 ||   140
Block: Shield            |    21 |    41 |    65 ||   127
